 Dungeon Crawl Stone Soup version 0.19.0 (webtiles) character file.

797 Danakh the Chopper (level 7, -5/55 HPs)
             Began as a Demonspawn Fighter on Nov 13, 2016.
             Killed from afar by dsb250's ghost (18 damage)
             ... with a spray of energy
             ... on level 5 of the Dungeon.
             The game lasted 00:10:19 (4796 turns).

Danakh the Chopper (Demonspawn Fighter)             Turns: 4796, Time: 00:10:20

Health: -5/55      AC: 14    Str: 18    XL:     7   Next: 58%
Magic:  7/7        EV:  3    Int: 10    God:
Gold:   181        SH:  0    Dex: 12    Spells: 0 memorised, 6 levels left

rFire  . . .     SeeInvis .     a - +0 war axe
rCold  . . .     Gourm    .     t - +0 plate armour
rNeg   . . .     Faith    .     c - +0 shield
rPois  .         Spirit   .     (helmet restricted)
rElec  .         Reflect  .     m - +0 cloak
rCorr  .         Harm     .     u - +0 pair of gloves
MR     .....                    (no boots)
Stlth  ..........               (no amulet)
                                (no ring)
                                (no ring)

@: confused
A: horns 2, nightstalker 1
a: no special abilities


You were on level 5 of the Dungeon.
You were hungry.

You visited 1 branch of the dungeon, and saw 5 of its levels.

You collected 181 gold pieces.

Inventory:

Hand Weapons
 a - a +0 war axe (weapon)
 p - a +1 whip of electrocution
Armour
 c - a +0 shield (worn)
 m - a +0 cloak (worn)
 t - a +0 plate armour (worn)
 u - a +0 pair of gloves (worn)
Jewellery
 x - an uncursed amulet of the gourmand {unknown}
Wands
 n - a wand of digging (9/24)
Scrolls
 e - 4 scrolls of teleportation {unknown}
 j - 2 scrolls of magic mapping {unknown}
 o - a scroll of remove curse {unknown}
 r - a scroll of random uselessness {unknown}
 s - 2 scrolls of fear {unknown}
 v - a scroll of enchant weapon {unknown}
 y - a scroll of identify {unknown}
 B - a scroll of immolation {unknown}
Potions
 d - a potion of might
 g - a potion of cancellation {unknown}
 i - a potion of berserk rage {unknown}
 k - 2 potions of haste {unknown}
 l - 2 potions of magic {unknown}
 q - a potion of brilliance {unknown}
 w - a potion of agility {unknown}
 A - a potion of cure mutation {unknown}
 C - a potion of ambrosia {unknown}
 D - a potion of curing {unknown}
Comestibles
 f - 2 bread rations
 h - 2 meat rations
 z - 2 fruits


   Skills:
 + Level 4.8 Fighting
 * Level 5.1 Axes
 + Level 4.1 Armour
 + Level 4.6 Shields


You had 6 spell levels left.
You didn't know any spells.

Dungeon Overview and Level Annotations

Branches:
Dungeon (5/15)
 Temple: D:4-7

Altars:
Dithmenos
Elyvilon
Makhleb

Annotations:
D:5 dsb250's ghost, novice OpCj


Innate Abilities, Weirdness & Mutations

You have a pair of horns on your head.
You are slightly more attuned to the shadows.


Message History

You slash dsb250's ghost!
Dsb250's ghost is moderately damaged.
Dsb250's ghost hits you but does no damage.
You're too confused to move!
Dsb250's ghost hits you but does no damage.
Dsb250's ghost hits you but does no damage.
You closely miss dsb250's ghost.
Dsb250's ghost is moderately damaged.
Dsb250's ghost hits you but does no damage.
Dsb250's ghost stares at you and mumbles some strange words.
The spray of energy hits you!
You are more confused.
You miss dsb250's ghost.
Dsb250's ghost is moderately damaged.
You hear the brisk rusting of a very distant drain.
Dsb250's ghost hits you but does no damage.
You bump into the closed door.
Dsb250's ghost casts a spell at you. The spray of energy hits you!
You die...

.####### #.# .......# ######.#
######.# #......# .# ###.#
########.###### .# #...#
#.............. .# #...#
#####'######.#####. .###...#
#..........#.# .......#
#............# ####...#
#.....W@.....# #...#
#####.#+##...# #...# #.#.##...#
###########.#.######
#####>.......[...^?....
.....[.#######.##################
.......'..........)..............
.......####...#.####..........#
................#.............#


You could see dsb250's ghost.

Vanquished Creatures
  A hungry ghost (D:5)
  The ghost of BigBall the Digger, an amateur GrEE of Ashenzari (D:3)
  A scorpion (D:5)
  A howler monkey (D:4)
  2 hounds
  Crazy Yiuf (D:2)
  2 iron imps (D:3)
  Ijyb (D:2)
  Terence (D:2)
  9 gnolls
  9 adders
  6 oozes
  3 worms
  A dart slug (D:3)
  4 leopard geckos
  2 orcs
  A ball python (D:1)
  8 bats
  3 giant cockroaches
  8 goblins
  10 hobgoblins
  10 jackals
  4 quokkas
  8 frilled lizards
  A jackal skeleton (D:5)
  9 kobolds
  6 rats
113 creatures vanquished.

Notes
Turn   | Place    | Note
-------+----------+-------------------------------------------
     0 | D:1      | Danakh the Demonspawn Fighter began the quest for the Orb.
     0 | D:1      | Reached XP level 1. HP: 18/18 MP: 1/1
    20 | D:1      | Reached skill level 2 in Axes
   160 | D:1      | Gained mutation: You have a pair of small horns on your head. [demonic ancestry]
   160 | D:1      | Reached XP level 2. HP: 24/24 MP: 2/2
   338 | D:1      | Reached XP level 3. HP: 3/29 MP: 3/3
   993 | D:2      | Found a shadowy altar of Dithmenos.
  1061 | D:2      | Gained mutation: You have a pair of horns on your head. [demonic ancestry]
  1061 | D:2      | Reached XP level 4. HP: 29/35 MP: 4/4
  1194 | D:2      | Found a runed door.
  1386 | D:2      | Reached skill level 3 in Axes
  1601 | D:2      | Noticed Terence
  1611 | D:2      | Killed Terence
  1845 | D:2      | Noticed Ijyb
  1850 | D:2      | Killed Ijyb
  1850 | D:2      | Reached XP level 5. HP: 38/41 MP: 5/5
  2250 | D:2      | Noticed Crazy Yiuf
  2261 | D:2      | Killed Crazy Yiuf
  2810 | D:3      | Reached XP level 6. HP: 31/48 MP: 6/6
  2931 | D:3      | Reached skill level 4 in Axes
  3074 | D:3      | Found a burning altar of Makhleb.
  3246 | D:3      | Noticed BigBall's ghost (amateur GrEE)
  3266 | D:3      | Killed BigBall's ghost
  3730 | D:4      | Gained mutation: You are slightly more attuned to the shadows. [demonic ancestry]
  3730 | D:4      | Reached XP level 7. HP: 54/54 MP: 7/7
  4459 | D:5      | Entered Level 5 of the Dungeon
  4519 | D:5      | Found a white marble altar of Elyvilon.
  4537 | D:5      | Noticed a hungry ghost
  4565 | D:5      | Paralysed by fainting for 6 turns
  4571 | D:5      | Killed a hungry ghost
  4571 | D:5      | Reached skill level 5 in Axes
  4775 | D:5      | Noticed dsb250's ghost (novice OpCj)
  4796 | D:5      | Killed from afar by dsb250's ghost

Skill      XL: |  1  2  3  4  5  6  7 |
---------------+----------------------+-----
Axes           | 2 3 4 5 |  5.1
Armour         | 3 4 |  4.1
Shields        | 3 4 |  4.6
Fighting       | 4 |  4.8

Action                   |  1- 3 |  4- 6 |  7- 9 || total
-------------------------+-------+-------+-------++-------
Melee: War axe           |   108 |   228 |   113 ||   449
       Headbutt          |    11 |    30 |    12 ||    53
  Eat: Chunk             |     1 |     9 |     5 ||    15
       Fruit             |       |       |     1 ||     1
Armor: Scale mail        |    65 |    81 |       ||   146
       Plate armour      |       |    44 |    80 ||   124
Dodge: Dodged            |    31 |    46 |    13 ||    90
Block: Shield            |    50 |   123 |    69 ||   242
